 Dungeon Crawl Stone Soup version 0.28.0-53-g5a82cb258f (webtiles) character file.

Game seed: 9689334791465477698

444 CryoSword the Conjurer (level 6, 0/42 (46) HPs)
             Began as a Demigod Conjurer on May 30, 2022.
             Slain by a wight
             ... wielding a +1 falchion of protection
              (3 damage)
             ... on level 4 of the Dungeon.
             The game lasted 00:04:50 (4244 turns).

CryoSword the Conjurer (Demigod Conjurer)           Turns: 4244, Time: 00:04:51

HP:   0/42 (46)     AC:  7    Str:  8    XL:     6   Next: 43%
MP:   4/11          EV: 12    Int: 28    God:
Gold: 93            SH:  0    Dex: 12    Spells: 2/9 levels left

rFire   . . .      SeeInvis .   g - +2 hand axe (freeze)
rCold   . . .      Faith    .   (no shield)
rNeg    . . .      Spirit   .   a - +0 robe
rPois   .          Reflect  .   f - +0 helmet
rElec   .          Harm     .   (no cloak)
rCorr   .          Rampage  .   (no gloves)
Will    .....                   (no boots)
Stlth   ++........              (no amulet)
HPRegen 0.14/turn               b - +4 ring of protection
MPRegen 0.12/turn               (no ring)

@: lethally poisoned (0 -> -5), drained
A: high MP 1, forlorn, divine attributes
a: no special abilities


You were on level 4 of the Dungeon.
You visited 1 branch of the dungeon, and saw 4 of its levels.

You collected 93 gold pieces.

Inventory:

Hand Weapons
 g - a +2 hand axe of freezing (weapon)
   (You took it off an orc on level 3 of the Dungeon)
Missiles
 c - 11 poisoned darts
Armour
 a - a +0 robe (worn)
 f - a +0 helmet (worn)
   (You found it on level 1 of the Dungeon)
Jewellery
 b - a +4 ring of protection (left hand)
   (You took it off an orc on level 3 of the Dungeon)
Scrolls
 d - 4 scrolls of teleportation {unknown}
 h - 6 scrolls of identify {unknown}
 i - 4 scrolls of vulnerability {unknown}
 j - a scroll of fog {unknown}
 k - a scroll of amnesia {unknown}
Potions
 e - a potion of ambrosia {unknown}
 l - a potion of attraction {unknown}
 m - a potion of mutation {unknown}


   Skills:
 + Level 0.5 Fighting
 + Level 2.0 Dodging
 + Level 2.0 Stealth
 + Level 2.0 Spellcasting
 * Level 7.1 Conjurations
 + Level 0.6 Translocations


You had 2 spell levels left.
You knew the following spells:

 Your Spells              Type           Power      Damage    Failure   Level
a - Magic Dart            Conj           100%       1d8       1%          1
b - Searing Ray           Conj           84%        2d7       1%          2
c - Iskenderun's Mystic   Conj/Tloc      24%        2d7       19%         4

Your spell library contained the following spells:

 Spells                   Type           Power      Damage    Failure   Level
 Dazzling Flash           Conj/Hex       44%        N/A       6%          3
 Fulminant Prism          Conj/Hex       11%        3d9       22%         4
 Frozen Ramparts          Ice            4%         1d2       26%         3
 Ice Form                 Ice/Tmut       2%         N/A       65%         4
 Summon Ice Beast         Ice/Summ       2%         N/A       65%         4


Dungeon Overview and Level Annotations

Branches:
Dungeon (4/15)
 Temple: D:4-7

Shops:
D:1 !


Innate Abilities, Weirdness & Mutations

You have an increased reservoir of magic. (+10% MP)
You shall have no god before yourself.
Your divine heritage dramatically boosts your attributes as you level up.


Message History

You slash the goblin! You freeze the goblin.
You kill the goblin!
No target in view!
No target in view!
You see here a +0 dagger.
You now have 78 gold pieces (gained 8).
Could not explore, unopened door.
Could not explore, unopened door.
Could not explore, unopened door.
As you open the door, it creaks loudly!
There is an open door here.
m - a golden potion You now have enough gold to buy 2 potions of might on D:1, or buy a potion of mutation on D:1.
You now have 87 gold pieces (gained 9).
Could not explore, unopened door.
Could not explore, unopened door.
You open the door.
An endoplasm comes into view.
An endoplasm is nearby!
An endoplasm is nearby!
The endoplasm barely misses you.
There is an open door here.
You hit the endoplasm. You freeze the endoplasm.
The endoplasm closely misses you. The endoplasm freezes you.
You are frozen.
You hit the endoplasm. You freeze the endoplasm.
You kill the endoplasm!
No target in view!
An adder comes into view.
Okay, then.
An adder is nearby!
An adder is nearby!
An adder is nearby!
That beam is likely to hit you.
Continue anyway?
Okay, then.
Aim: an adder (wandering, hasn't noticed you, 70% to hit)
The searing ray hits the adder.
The adder hisses angrily. (Press . to maintain the ray.)
The searing ray hits the adder.
The adder bites you but does no damage.
The searing ray hits the adder!
You kill the adder!
You see here 24 arrows.
There is a stone staircase leading down here.
h - 6 scrolls labelled JODYNY XOCU (gained 3)
Things that are here:
15 stones; a +0 robe; a +0 spear Could not explore, unopened door.
Could not explore, unopened door.
Could not explore, unopened door.
As you open the door, it creaks loudly!
There is an open door here.
Could not explore, unopened door.
Could not explore, unopened door.
You open the door.
A black bear comes into view.
A black bear is nearby!
A black bear is nearby!
A black bear is nearby!
The black bear growls angrily.
There is an open door here.
The black bear bites you. The black bear misses you.
The black bear claws you but does no damage.
Aim: a black bear (87% to hit)
The searing ray hits the black bear. (Press . to maintain the ray.)
The black bear misses you. The black bear closely misses you. x2
The searing ray hits the black bear!
The black bear bites you. The black bear barely misses you.
The black bear misses you.
The searing ray hits the black bear!
The black bear closely misses you.
The black bear claws you but does no damage.
The black bear claws you.
The searing ray misses the black bear.
You finish channelling your searing ray.
The black bear goes berserk!
Aim: a black bear (severely wounded, berserk, 87% to hit)
The searing ray hits the black bear! (Press . to maintain the ray.)
The black bear barely misses you. The black bear misses you.
The black bear claws you.
The searing ray hits the black bear!
You kill the black bear!
Your Dodging skill increases to level 2!
Your Stealth skill increases to level 2!
There is an open door, spattered with blood here.
You see here a black bear corpse.
There is an open door here.
There is an open door here.
There is an open door here.
Could not explore, unopened door.
Could not explore, unopened door.
Could not explore, unopened door.
You open the door.
Found a dagger.
There is an open door here.
You see here a +0 dagger.
There is an open door here.
You now have 93 gold pieces (gained 6).
An adder comes into view.
The adder hisses angrily.
The adder moves out of view.
A scorpion comes into view.
There are monsters nearby!
The adder bites you.
You are poisoned.
The adder poisons you!
There is an open door here.
You closely miss the adder.
You feel very sick. The adder closely misses you.
You closely miss the adder.
You feel sick. The adder barely misses you. The adder bites you.
Aim: an adder (70% to hit)
The searing ray hits the adder!
The searing ray misses the wight. (Press . to maintain the ray.)
You feel sick. The adder bites you.
The scorpion stings you but does no damage.
The searing ray hits the adder!
You kill the adder!
You feel sick. The wight misses you. The scorpion barely misses you.
Your Spellcasting skill increases to level 2!
You feel sick. The wight hits you but does no damage.
The scorpion stings you but does no damage.
You feel sick.
You are no longer poisoned.
You hit the wight but do no damage.
The wight hits you with a +1 falchion of protection!
You feel drained. The wight barely misses you.
There is an open door here.
The scorpion stings you.
* * * LOW HITPOINT WARNING * * *
There is an open door here.
Aim: a scorpion (82% to hit)
The searing ray hits the scorpion!
The searing ray hits the wight. (Press . to maintain the ray.)
The scorpion stings you.
* * * LOW HITPOINT WARNING * * *
You are poisoned.
The scorpion poisons you!
The searing ray hits the scorpion.
You feel sick. The scorpion closely misses you.
The searing ray hits the scorpion.
You kill the scorpion!
You feel sick.
The wight hits you with a +1 falchion of protection!
* * * LOW HITPOINT WARNING * * *
You feel drained.
You die...

########### ##########
#.........#########.........#
#.........#.......#.........#
#.........#.......#.........#
#.........#.......#.........#
#.........'.......#.........#
#.........#..###@##.........#
........###..##)z.#.........#
........#....#....'.........##
........#....#....#...........
........#....#....####'#####..
........#....#.............#
#.......#....#.............#
#.......#...###...##.......#
#.....###...###...##.......#


You could see a wight.

Vanquished Creatures
  A black bear (D:4)
  A phantom (D:4)
  A scorpion (D:4)
  2 wights (D:4)
  Jessica (D:2)
  2 hound skeletons (D:4)
  3 gnolls (D:3)
  4 adders
  2 dart slugs
  7 orcs (D:3)
  4 ball pythons
  6 bats
  6 endoplasms
  A giant cockroach (D:3)
  6 goblins
  5 hobgoblins
  6 jackals (D:3)
  A frilled lizard (D:1)
  6 kobolds
  6 rats
71 creatures vanquished.

Vanquished Creatures (others)
  A fungus (D:2)
  3 plants (D:2)
4 creatures vanquished.

Grand Total: 75 creatures vanquished

Notes
Turn   | Place    | Note
-------+----------+-------------------------------------------
     0 | D:1      | CryoSword the Demigod Conjurer began the quest for the Orb.
     0 | D:1      | Reached XP level 1. HP: 14/14 MP: 5/5
    61 | D:1      | Found Eqom's Distillery.
   253 | D:1      | Reached skill level 4 in Conjurations
   383 | D:1      | Reached XP level 2. HP: 20/20 MP: 5/7
   779 | D:1      | Learned a level 2 spell: Searing Ray
  1135 | D:2      | You fall into a shaft and drop 1 floor!
  1260 | D:3      | Reached XP level 3. HP: 26/26 MP: 2/8
  1264 | D:3      | Reached skill level 5 in Conjurations
  1625 | D:2      | Noticed Jessica
  1631 | D:2      | Killed Jessica
  1632 | D:2      | Reached XP level 4. HP: 33/33 MP: 3/9
  3432 | D:4      | Reached skill level 6 in Conjurations
  3432 | D:4      | Reached XP level 5. HP: 38/38 MP: 2/10
  3457 | D:4      | HP: 1/34 [wight/+1 falchion of protection (1)]
  3844 | D:4      | Reached skill level 7 in Conjurations
  3844 | D:4      | Reached XP level 6. HP: 31/45 MP: 2/11
  3954 | D:4      | Learned a level 4 spell: Iskenderun's Mystic Blast
  4244 | D:4      | Slain by a wight

Illustrated notes

Levels and vault maps discovered:
D:1:      evilmike_arrival_fibonacci_small, layout_basic, serial_shops,
          nicolae_shop_temple_entry_statues_fountains
D:2:      layout_basic, shapermc_ecumenical_altar_mp_ritualfount, uniq_jessica
D:3:      layout_rooms, zin_academy, mainiacjoe_overflow_tiny_flanked,
          nicolae_overflow_hidden_temple
D:4:      layout_gridville

Skill      XL: |  1  2  3  4  5  6 |
---------------+-------------------+-----
Conjurations   | 4 5 6 7 |  7.1
Dodging        | 2 |  2.0
Stealth        | 2 |  2.0
Spellcasting   | 2 |  2.0
Fighting       | |  0.5
Translocations | |  0.6

Action                   |  1- 3 |  4- 6 || total
-------------------------+-------+-------++-------
Melee: Short sword       |     4 |       ||     4
       Hand axe          |     2 |    22 ||    24
 Cast: Magic Dart        |    33 |     6 ||    39
       Searing Ray       |    17 |    28 ||    45
 Stab: Sleeping          |       |     1 ||     1
Armor: Robe              |     4 |    19 ||    23
Dodge: Dodged            |    11 |    45 ||    56
